 Dungeon Crawl Stone Soup version 0.32-a0-643-ga006e77 (webtiles) character file.

Game seed: 11697813468077675400

381 Dorkslayer the Sneak (level 6, -1/42 HPs)
             Began as an Octopode Fighter on Mar 7, 2024.
             Was an Initiate of the Shining One.
             Slain by a gnoll bouda
             ... wielding a +0 whip
              (11 damage)
             ... on level 4 of the Dungeon.
             The game lasted 00:08:32 (2660 turns).

Dorkslayer the Sneak (Octopode Fighter)             Turns: 2660, Time: 00:08:32

Health: -1/42      AC:  1    Str: 18    XL:     6   Next: 75%
Magic:  6/6        EV: 13    Int: 10    God:    the Shining One [......]
Gold:   213        SH:  4    Dex: 11    Spells: 5/5 levels left

rFire   . .          .
                       - Unarmed
rCold   . . .        a - +0 buckler
rNeg    . . .        (helmet restricted)
rPois   .            l - amulet of the acrobat
rElec   .            (no ring)
rCorr   .            (no ring)
SInv    .            (no ring)
Will    .....        (no ring)
Stlth   ++           (no ring)
HPRegen 0.27/turn    (no ring)
MPRegen 0.10/turn    (no ring)
                     (no ring)

%: acrobat
@: glowing
A: almost no armour, amphibious, 8 rings, camouflage 1, gelatinous body 1,
(nimble swimmer 1), tentacles
a: Renounce Religion


You were on level 4 of the Dungeon.
You worshipped the Shining One.
The Shining One was noncommittal.
You visited 1 branch of the dungeon, and saw 4 of its levels.

You collected 213 gold pieces.

Inventory:

Hand Weapons
 e - a +0 war axe
Missiles
 j - 2 throwing nets (quivered)
Armour
 a - a +0 buckler (worn)
Jewellery
 l - an amulet of the acrobat (around mantle)
Scrolls
 d - 2 scrolls of teleportation
 h - 2 scrolls of silence
Potions
 c - a potion of curing
 f - a potion of magic
 k - a potion of resistance {unknown}


   Skills:
 + Level 3.3 Fighting
 + Level 3.9 Dodging
 + Level 4.9 Stealth
 + Level 3.6 Shields
 + Level 4.6 Unarmed Combat


You had 5 spell levels left.
You didn't know any spells.
Your spell library contained the following spells:

 Spells                   Type           Power      Damage    Failure   Level
 Dazzling Flash           Conj/Hex       0%         N/A       82%         3
 Mephitic Cloud           Conj/Alch/Air  0%         N/A       82%         3
 Curse of Agony           Necr           0%         N/A       100%        5
 Silence                  Hex/Air        0%         N/A       100%        5


Dungeon Overview and Level Annotations

Branches:
Dungeon (4/15)
 Temple: D:4-7

Altars:
The Shining One


Innate Abilities, Weirdness & Mutations

You cannot wear most types of armour.
You are amphibious.
You can wear up to eight rings at the same time.
Your skin changes colour to match your surroundings (Stealth+).
Your rubbery body absorbs attacks. (AC +1, EV +1)
((You are camouflaged when in or above water. (Stealth+)))
You have tentacles for arms and can constrict up to eight enemies at once.


Message History

Things that are here:
a +0 flail; a +0 whip; a gnoll corpse You barely miss the gnoll.
Your grab misses the gnoll. You squeeze the gnoll.
The gnoll is lightly wounded.
You block the gnoll's attack.
The gnoll bouda calls upon its god to heal the gnoll.
The gnoll's wounds heal themselves!
You tentacle-slap the gnoll. Your grab misses the gnoll. You squeeze the gnoll.
The gnoll is severely wounded.
You block the gnoll's attack.
The gnoll bouda barks out a call to the hunt!
The gnoll picks up the pace!
You tentacle-slap the gnoll but do no damage.
You grab the gnoll. You squeeze the gnoll.
The gnoll is almost dead.
You constrict the gnoll.
You kill the gnoll!
You tentacle-slap the gnoll. You grab the gnoll.
You squeeze the gnoll, but do no damage.
The gnoll is moderately wounded.
Your attacks no longer feel as feeble.
You constrict the gnoll. You block the gnoll's attack.
The gnoll bouda calls upon its god to heal the gnoll.
The gnoll is healed somewhat.
You tentacle-slap the gnoll but do no damage.
The gnoll is moderately wounded.
You constrict the gnoll. The gnoll barely misses you.
You tentacle-slap the gnoll.
The gnoll is almost dead.
You constrict the gnoll.
You kill the gnoll!
You barely miss the gnoll bouda. You grab the gnoll bouda.
You constrict the gnoll bouda.
The gnoll bouda hits you with a +0 whip!
* * * LOW HITPOINT WARNING * * *
You tentacle-slap the gnoll bouda. You squeeze the gnoll bouda.
The gnoll bouda is moderately wounded.
You constrict the gnoll bouda.
The gnoll bouda hits you with a +0 whip!
You die...

#.......# #..#.......
#.......# .........
#.......# #+# .......
#.......# #.# #.....#
#.......# #.# .....#
#.......###.## ....##
#.....####...####....#
#####.....g@.....÷..'..#.###
......)...####.÷.#####..>..#
......†...# ##÷## ##.....
..........# #.# #.....
..........# #)# #.....
..........# ##)## #.....
..........# ##.÷.## #.....
...........##÷÷..÷#####.....
#########..#÷....÷.#....####


You could see a gnoll bouda.

Vanquished Creatures
  A kobold brigand (D:4)
  A scorpion (D:4)
  An orc priest (D:3)
  Jessica (D:2)
  3 adders
  9 gnolls
  A ribbon worm (D:2)
  2 dart slugs
  7 orcs (D:3)
  7 endoplasms
  A giant cockroach (D:1)
  6 goblins
  9 hobgoblins
  5 quokkas
  3 ball pythons
  8 bats
  2 frilled lizards
  11 kobolds
  4 rats
82 creatures vanquished.

Notes
Turn   | Place    | Note
-------+----------+-------------------------------------------
     0 | D:1      | Dorkslayer the Octopode Fighter began the quest for the
                  | Orb.
     0 | D:1      | Reached XP level 1. HP: 16/16 MP: 1/1
   105 | D:1      | Reached XP level 2. HP: 18/21 MP: 2/2
   385 | D:1      | Found a faded altar of an unknown god.
   697 | D:2      | Reached XP level 3. HP: 26/26 MP: 3/3
   907 | D:2      | Reached skill level 1 in Stealth
  1252 | D:2      | Reached XP level 4. HP: 31/31 MP: 4/4
  1326 | D:2      | Noticed Jessica
  1334 | D:2      | Killed Jessica
  1690 | D:3      | Found a glowing golden altar of the Shining One.
  1697 | D:3      | Became a worshipper of the Shining One
  1712 | D:3      | Identified the +8 dagger of Olicue {speed, ^Fragile rElec
                  | rPois}
  1736 | D:3      | Reached XP level 5. HP: 19/36 MP: 5/5
  2582 | D:4      | Found the +7 Throatcutter {drain, coup de grace}
  2582 | D:4      | Noticed a kobold brigand
  2598 | D:4      | Killed a kobold brigand
  2599 | D:4      | Reached XP level 6. HP: 24/42 MP: 6/6
  2660 | D:4      | Slain by a gnoll bouda

Illustrated notes

Levels and vault maps discovered:
D:1:      amcnicky_arrival_underground_garden, layout_basic,
          hellmonk_ecumenical_altar_pennies_from_heaven
D:2:      layout_basic, grunt_ministairs_11, minmay_pentomino_v4, uniq_jessica
D:3:      layout_loops_corners, tso_oasis_becter
D:4:      layout_basic, dilly_guarded_unrand_throatcut, uniq_blork_the_orc

Skill      XL: |  1  2  3  4  5 |
---------------+----------------+-----
Stealth        | 1 3 4 |  4.9
Unarmed Combat | 3 4 |  4.6
Fighting       | |  3.3
Dodging        | |  3.9
Shields        | |  3.6

Action                     |  1- 3 |  4- 6 || total
---------------------------+-------+-------++-------
  Melee: Unarmed           |    60 |    95 ||   155
         Constrict         |    17 |    29 ||    46
         Tentacles         |     8 |    21 ||    29
         Punch             |     3 |     3 ||     6
    Use: Scroll            |       |     6 ||     6
         Potion            |       |     4 ||     4
   Stab: Sleeping          |     9 |     1 ||    10
 Armour: Skin              |    12 |    25 ||    37
  Dodge: Dodged            |    29 |    54 ||    83
  Block: Buckler           |     3 |    12 ||    15

Table legend: (Time is in decaauts)
 A = Elapsed time spent in this place.
 B = Non-inter-level travel time spent in this place.
 C = Inter-level travel time spent in this place.
 D = Time resting spent in this place.
 E = Time spent auto-exploring this place.
 F = Levels seen in this place.
 G = Mean time per level.
                   A        B        C        D        E       F      G
               +--------+--------+--------+--------+--------+-----+--------+
         Total |   2655 |   2655 |      0 |      0 |   1339 |   4 |  663.8 |
       Dungeon |   2655 |   2655 |      0 |      0 |   1339 |   4 |  663.8 |
               +--------+--------+--------+--------+--------+-----+--------+

Top non-repeatable levels by time:
     D:2: 987 daAuts
     D:3: 861 daAuts
     D:1: 683 daAuts
     D:4: 122 daAuts
